 Dungeon Crawl Stone Soup version 0.23.1 (webtiles) character file.

Game seed: 7974431708739874589

93 Freyura the Covert (level 4, 0/33 HPs)
             Began as a Vampire Assassin on Mar 12, 2019.
             Slain by Grinder (10 damage)
             ... on level 3 of the Dungeon.
             The game lasted 00:06:27 (1782 turns).

Freyura the Covert (Vampire Assassin)               Turns: 1782, Time: 00:06:28

Health: 0/33       AC:  4    Str: 10    XL:     4   Next: 36%
Magic:  4/4        EV: 12    Int: 13    God:
Gold:   172        SH:  0    Dex: 16    Spells: 3/3 levels left

rFire    + . .     SeeInvis +   a - +2 dagger
rCold    + . .     Gourm    .   (no shield)
rNeg     + + .     Faith    .   c - +0 robe
rPois    +         Spirit   .   r - +0 helmet
rElec    .         Reflect  .   d - +0 cloak
rCorr    .         Harm     .   (no gloves)
MR       .....                  (no boots)
Stlth    +++++.....             (no amulet)
HPRegen  0.05/turn              s - ring of protection from fire
MPRegen  0.09/turn              (no ring)

@: regenerating slowly
A: fangs 3, see invisible, unbreathing
a: Bat Form


You were on level 3 of the Dungeon.
You were near bloodless.

You visited 1 branch of the dungeon, and saw 3 of its levels.

You collected 172 gold pieces.

Inventory:

Hand Weapons
 a - a +2 dagger (weapon)
 b - a +0 blowgun
Missiles
 e - 7 poisoned needles
Armour
 c - a +0 robe (worn)
 d - a +0 cloak (worn)
 r - a +0 helmet (worn)
Jewellery
 s - a ring of protection from fire (left hand)
Wands
 t - a wand of paralysis (9)
Scrolls
 h - 2 scrolls of remove curse {unknown}
 k - 3 scrolls of identify {unknown}
 l - 2 scrolls of teleportation {unknown}
 n - 2 scrolls of immolation {unknown}
 o - a scroll of random uselessness {unknown}
 p - 2 scrolls of fear {unknown}
 q - 2 scrolls of blinking {unknown}
Potions
 g - 3 potions of blood
 i - 5 potions of curing {unknown}
 j - 2 potions of invisibility {unknown}
 m - 2 potions of agility {unknown}


   Skills:
 - Level 1.7 Fighting
 + Level 3.4 Short Blades
 - Level 1.5 Throwing
 - Level 1.1 Dodging
 * Level 8.0 Stealth


You had 3 spell levels left.
You didn't know any spells.
Your spell library was empty.

Dungeon Overview and Level Annotations

Branches:
Dungeon (3/15)

Altars:
Ashenzari
Sif Muna
Vehumet

Annotations:
D:3 Grinder


Innate Abilities, Weirdness & Mutations

You heal slowly.
You have razor-sharp teeth.
You have supernaturally acute eyesight. (SInv)
You can survive without breathing.


Message History

Grinder gestures at you. Pain shoots through your body!
Firing (i - inventory)
e - 8 poisoned needles (quivered)
Press: ? - help, Shift-Dir - straight line, f/p - Grinder
Aim: Grinder (moderately wounded)
You shoot a poisoned needle. The poisoned needle hits Grinder.
Grinder is moderately wounded.
Grinder gestures at you.
You suddenly lose the ability to move!
Grinder hits you but does no damage. Grinder completely misses you.
Grinder gestures at you. Pain shoots through your body!
You can move again.
Wield which item (- for none, * to show all)? (? for menu, Esc to quit)
a - a +2 dagger (weapon)
You barely miss Grinder. You bite Grinder.
Grinder is moderately wounded.
Grinder hits you!
You die...

. # #.#...##.#........#
#....###.####..#####
###..### #.##...##....
#......###.##.###..###
####.#.##..#.....#...##
..(..#.###.#..####)###
#.(.(.....#####..#
#..(.........##.#######
#(..(5@..###...........
#...................(..
#.(.......######.......
#........## #.......
#........# #.......
#........# #....)..
########## #.......
########


You could see Grinder.

Vanquished Creatures
  Jessica (D:3)
  2 adders (D:2)
  An adder zombie (D:2)
  2 leopard geckos (D:1)
  8 bats
  2 giant cockroaches
  7 goblins
  6 hobgoblins
  A quokka (D:2)
  A frilled lizard (D:2)
  4 kobolds
  5 rats
40 creatures vanquished.

Notes
Turn   | Place    | Note
-------+----------+-------------------------------------------
     0 | D:1      | Freyura the Vampire Assassin began the quest for the Orb.
     0 | D:1      | Reached XP level 1. HP: 16/16 MP: 1/1
    30 | D:1      | Reached skill level 6 in Stealth
   339 | D:1      | Reached XP level 2. HP: 21/22 MP: 2/2
   660 | D:2      | Found a shattered altar of Ashenzari.
   702 | D:2      | Reached skill level 7 in Stealth
   702 | D:2      | Reached XP level 3. HP: 27/27 MP: 3/3
   744 | D:2      | Found a radiant altar of Vehumet.
   744 | D:2      | Found a deep blue altar of Sif Muna.
  1652 | D:3      | Noticed Jessica
  1659 | D:3      | Killed Jessica
  1659 | D:3      | Reached skill level 8 in Stealth
  1659 | D:3      | Reached XP level 4. HP: 33/33 MP: 4/4
  1739 | D:3      | Noticed Grinder
  1743 | D:3      | Paralysed by Grinder for 2 turns
  1777 | D:3      | Paralysed by Grinder for 3 turns
  1782 | D:3      | Slain by Grinder

Skill      XL: |  1  2  3 |
---------------+----------+-----
Stealth        | 6 7 8 |  8.0
Short Blades   | 3 |  3.4
Fighting       | |  1.7
Throwing       | |  1.5
Dodging        | |  1.1

Action                   |  1- 3 |  4- 6 || total
-------------------------+-------+-------++-------
Melee: Dagger            |    89 |    19 ||   108
       Bite              |     8 |     4 ||    12
 Fire: Blowgun           |       |     9 ||     9
 Stab: Sleeping          |    19 |       ||    19
Armor: Robe              |    10 |     4 ||    14
Dodge: Dodged            |    45 |     8 ||    53
